 Dungeon Crawl Stone Soup version 0.29.1-13-g9f3cf754e1 (webtiles) character file.

Game seed: 13403086341090197606

71 booth the Sneak (level 4, -16/38 HPs)
             Began as a Gnoll Wanderer on Feb 5, 2023.
             Killed by an exploding gnoll (19 damage)
             ... ignited by their inner flame
             ... on level 2 of the Dungeon.
             The game lasted 00:12:38 (2038 turns).

booth the Sneak (Gnoll Wanderer)                    Turns: 2038, Time: 00:12:39

Health: -16/38     AC:  3    Str: 14    XL:     4   Next: 24%
Magic:  5/5        EV: 12    Int:  9    God:
Gold:   96         SH:  5    Dex: 13    Spells: 5/5 levels left

rFire   + . .      SeeInvis .   c - +0 quarterstaff
rCold   + . .      Faith    .   (shield currently unavailable)
rNeg    . . .      Spirit   .   e - +0 leather armour
rPois   .          Reflect  +   (no helmet)
rElec   .          Harm     .   m - scarf {rC+ rF+}
rCorr   .          Rampage  .   (no gloves)
Will    .....                   (no boots)
Stlth   +++.......              g - amulet of reflection
HPRegen 0.12/turn               (no ring)
MPRegen 0.09/turn               (no ring)

@: brilliant, weak-willed
A: fangs 1, strong nose, distributed training
a: no special abilities


You were on level 2 of the Dungeon.
You visited 1 branch of the dungeon, and saw 2 of its levels.

You collected 96 gold pieces.

Inventory:

Hand Weapons
 a - a +3 dagger
 c - a +0 quarterstaff (weapon)
Armour
 e - a +0 leather armour (worn)
 m - a scarf of resistance (worn)
Jewellery
 g - an amulet of reflection (around neck)
Scrolls
 h - a scroll of identify
 j - a scroll of amnesia
Potions
 b - a potion of might
 d - 2 potions of lignification


   Skills:
 + Level 4.6 Fighting
 + Level 1.1 Short Blades
 + Level 1.1 Long Blades
 + Level 1.1 Axes
 + Level 1.1 Maces & Flails
 + Level 1.1 Polearms
 + Level 2.7 Staves
 + Level 1.1 Ranged Weapons
 + Level 1.1 Throwing
 + Level 2.7 Armour
 + Level 2.7 Dodging
 + Level 7.8 Stealth
 + Level 1.1 Shields
 + Level 1.1 Unarmed Combat
 + Level 1.1 Spellcasting
 + Level 0.9 Conjurations
 + Level 0.9 Hexes
 + Level 0.9 Summonings
 + Level 0.9 Necromancy
 + Level 0.9 Translocations
 + Level 0.9 Transmutations
 + Level 0.9 Fire Magic
 + Level 0.9 Ice Magic
 + Level 0.9 Air Magic
 + Level 0.9 Earth Magic
 + Level 0.9 Poison Magic
 + Level 1.2 Invocations
 + Level 2.7 Evocations


You had 5 spell levels left.
You didn't know any spells.
Your spell library contained the following spells:

 Spells                   Type           Power      Damage    Failure   Level
 Malign Gateway           Summ/Tloc      1%         N/A       100%        7
 Summon Horrible Things   Summ           1%         N/A       100%        8


Dungeon Overview and Level Annotations

Branches:
Dungeon (2/15)

Altars:
Fedhas


Innate Abilities, Weirdness & Mutations

You have very sharp teeth.
Your uncanny sense of smell can sniff out nearby items.
Your experience applies equally to all skills.


Message History

j - a scroll of amnesia You block the gnoll's attack.
As you read the scroll labelled QUNESO WUIXT, it crumbles to dust.
Magic quickly surges around you.
It was a scroll of vulnerability.
The gnoll hits you but does no damage. The gnoll hits you but does no damage.
The gnoll hits you from afar with a +0 halberd.
You cannot move.
The gnoll hits you from afar with a +0 halberd.
The gnoll hits you but does no damage.
The gnoll hits you from afar with a +0 halberd!
A gnoll comes into view. It is wielding a +0 club.
The gnoll hits you but does no damage.
Your transformation is almost over.
The gnoll hits you from afar with a +0 halberd!
* * * LOW HITPOINT WARNING * * *
The gnoll hits you but does no damage. You block the gnoll's attack.
The gnoll hits you but does no damage. The gnoll hits you but does no damage.
The gnoll hits you but does no damage.
You feel better. You block the gnoll's attack.
The gnoll hits you but does no damage.
You feel less wooden.
Your scarf of resistance unmelds from your body.
Your +0 leather armour unmelds from your body.
You feel resistant to extremes of temperature.
The gnoll hits you from afar with a +0 halberd.
* * * LOW HITPOINT WARNING * * *
The gnoll hits you with a +0 halberd!
* * * LOW HITPOINT WARNING * * *
Things that are here:
a +0 flail; a +0 whip; a gnoll corpse You barely miss the gnoll.
Flame seeps out of the gnoll.
You bite the gnoll.
The gnoll is lightly wounded.
The gnoll is engulfed in blazing flames.
The gnoll explodes!
The fiery explosion engulfs you!! You resist.
Ouch! That really hurt!
You die...

#...)# ...#.### ##.....#
.......# #..._..##
........# ##..(...# #####
..#..##.#############.....(
..#.............@○§........
####.################.#....
#.# # # #.# ..# ###


There were no monsters in sight!

Vanquished Creatures
  3 gnolls (D:2)
  2 adders (D:2)
  A dart slug (D:1)
  5 endoplasms
  3 goblins
  2 quokkas (D:1)
  4 ball pythons
  6 bats (D:1)
  4 frilled lizards (D:1)
  2 kobolds
  2 rats
34 creatures vanquished.

Vanquished Creatures (others)
  5 toadstools (D:2)
5 creatures vanquished.

Grand Total: 39 creatures vanquished

Notes
Turn   | Place    | Note
-------+----------+-------------------------------------------
     0 | D:1      | booth the Gnoll Wanderer began the quest for the Orb.
     0 | D:1      | booth set off with the following items: a +3 dagger, a
                  | potion of might, a +0 quarterstaff, a potion of
                  | lignification, a +0 leather armour.
     0 | D:1      | Reached XP level 1. HP: 20/20 MP: 1/1
   536 | D:1      | Reached XP level 2. HP: 26/26 MP: 2/2
  1367 | D:1      | Reached XP level 3. HP: 31/31 MP: 3/3
  1724 | D:2      | Reached skill level 1 in Invocations
  1920 | D:2      | Found a blossoming altar of Fedhas.
  1959 | D:2      | Reached skill level 1 in Short Blades
  1959 | D:2      | Reached skill level 1 in Long Blades
  1959 | D:2      | Reached skill level 1 in Axes
  1959 | D:2      | Reached skill level 1 in Maces & Flails
  1959 | D:2      | Reached skill level 1 in Polearms
  1959 | D:2      | Reached skill level 1 in Ranged Weapons
  1959 | D:2      | Reached skill level 1 in Throwing
  1959 | D:2      | Reached skill level 1 in Shields
  1959 | D:2      | Reached skill level 1 in Unarmed Combat
  1959 | D:2      | Reached skill level 1 in Spellcasting
  2012 | D:2      | Reached XP level 4. HP: 29/38 MP: 5/5
  2038 | D:2      | Killed by an exploding gnoll... ignited by their inner
                  | flame

Illustrated notes

Levels and vault maps discovered:
D:1:      pf_arrival_petrified_forest, layout_basic, minmay_misc_feat_doors,
          corner_web_ring, serial_bayou_pond_e
D:2:      cheibrodos_fertilizer, layout_basic,
          hellmonk_ecumenical_altar_leap_of_faith, basic_altar, st_stairs_7

Skill      XL: |  1  2  3 |
---------------+----------+-----
Invocations    | 1 |  1.2
Short Blades   | 1 |  1.1
Long Blades    | 1 |  1.1
Axes           | 1 |  1.1
Maces & Flails | 1 |  1.1
Polearms       | 1 |  1.1
Ranged Weapons | 1 |  1.1
Throwing       | 1 |  1.1
Shields        | 1 |  1.1
Unarmed Combat | 1 |  1.1
Spellcasting   | 1 |  1.1
Fighting       | |  4.6
Staves         | |  2.7
Armour         | |  2.7
Dodging        | |  2.7
Stealth        | |  7.8
Conjurations   | |  0.9
Hexes          | |  0.9
Summonings     | |  0.9
Necromancy     | |  0.9
Translocations | |  0.9
Transmutations | |  0.9
Fire Magic     | |  0.9
Ice Magic      | |  0.9
Air Magic      | |  0.9
Earth Magic    | |  0.9
Poison Magic   | |  0.9
Evocations     | |  2.7

Action                   |  1- 3 |  4- 6 || total
-------------------------+-------+-------++-------
Melee: Quarterstaff      |   101 |     5 ||   106
       Bite              |     7 |     1 ||     8
Throw: Dart              |     2 |       ||     2
  Use: Potion            |       |     4 ||     4
       Scroll            |       |     3 ||     3
 Stab: Sleeping          |    14 |       ||    14
Armor: Leather armour    |    20 |       ||    20
       Skin              |       |    19 ||    19
Dodge: Dodged            |    50 |       ||    50
Block: Other             |    26 |     3 ||    29
